 Dungeon Crawl Stone Soup version 0.24.0-41-g2ae2f7f1be (webtiles) character file.

Game seed: 6873519435942508728, levelgen mode: deterministic

1621 Kobolds4U the Covert (level 8, -3/46 HPs)
             Began as a Deep Elf Conjurer on Dec 12, 2019.
             Was a Believer of Dithmenos.
             Slain by an ice beast (14 damage)
             ... on level 5 of the Dungeon.
             The game lasted 00:25:14 (8406 turns).

Kobolds4U the Covert (Deep Elf Conjurer)            Turns: 8406, Time: 00:25:15

Health: -3/46      AC:  4    Str: 11    XL:     8   Next: 64%
Magic:  15/17      EV: 12    Int: 26    God:    Dithmenos [**....]
Gold:   57         SH:  0    Dex: 15    Spells: 3/17 levels left

rFire    . . .     SeeInvis +   E - +7 dagger of the Well-Known Planets {drain, Str+4 SInv Stlth-}
rCold    . . .     Gourm    .   (no shield)
rNeg     . . .     Faith    .   i - +0 leather armour
rPois    .         Spirit   .   (no helmet)
rElec    .         Reflect  .   (no cloak)
rCorr    .         Harm     .   (no gloves)
MR       .....                  p - +0 pair of boots
Stlth    ++++......             (no amulet)
HPRegen  0.15/turn              z - ring of wizardry
MPRegen  0.15/turn              D - +5 ring of intelligence

@: wreathed by umbra
A: no striking features
a: Shadow Step, Renounce Religion


You were on level 5 of the Dungeon.
You worshipped Dithmenos.
Dithmenos was pleased with you.
You were not hungry.

You visited 1 branch of the dungeon, and saw 6 of its levels.

You collected 207 gold pieces.
You spent 150 gold pieces at shops.

Inventory:

Hand Weapons
 n - a +0 dagger
 t - a +0 short sword
 E - the +7 dagger of the Well-Known Planets (weapon) {drain, Str+4 SInv Stlth-}
   (You found it on level 4 of the Dungeon)

   A truly terrible weapon, it drains the life of those it strikes.
   It affects your strength (+4).
   It lets you see invisible.
   It makes you less stealthy.
 I - a +0 rapier
Missiles
 y - 6 boomerangs (quivered)
Armour
 a - a +0 robe
 i - a +0 leather armour (worn)
 p - a +0 pair of boots (worn)
Jewellery
 b - an uncursed ring of protection from cold
 q - an uncursed ring of poison resistance
 u - a +2 ring of intelligence
 z - a ring of wizardry (left hand)
 B - an uncursed ring of ice
 D - a +5 ring of intelligence (right hand)
Wands
 s - a wand of polymorph (14)
 F - a wand of enslavement (12)
Scrolls
 d - 2 scrolls of fog
 o - 2 scrolls of enchant armour
 r - 2 scrolls of teleportation
 w - 6 scrolls of remove curse
 x - 4 scrolls of enchant weapon
 G - a scroll of magic mapping
 H - a scroll of identify
Potions
 e - a potion of curing
 f - a potion of haste
 g - 3 potions of cancellation
 j - a potion of heal wounds {unknown}
 l - 4 potions of flight
 m - 2 potions of mutation
 v - 3 potions of brilliance
 C - a potion of agility
Comestibles
 c - 12 rations
 h - a chunk of flesh


   Skills:
 - Level 3.1 Fighting
 - Level 2.4 Dodging
 + Level 9.0 Stealth
 - Level 5.0 Spellcasting
 - Level 6.3 Conjurations
 * Level 6.1 Invocations


You had 3 spell levels left.
You knew the following spells:

 Your Spells              Type           Power        Failure   Level  Hunger
a - Magic Dart            Conj           ####         1%          1    None
b - Searing Ray           Conj           #####.       1%          2    None
c - Iskenderun's Mystic   Conj           #####...     3%          4    ###....
d - Dazzling Spray        Conj/Hex       ###...       3%          3    #......
e - Force Lance           Conj/Tloc      ###.....     11%         4    ###....

Your spell library contained the following spells:

 Spells                   Type           Power        Failure   Level  Hunger
 Animate Skeleton         Necr           N/A          4%          1    None
 Apportation              Tloc           #.....       4%          1    None
 Confusing Touch          Hex            #.....       4%          1    None
 Summon Small Mammal      Summ           #...         4%          1    None
 Fulminant Prism          Conj/Hex       ###.......   11%         4    ###....


Dungeon Overview and Level Annotations

Branches:
Dungeon (6/15)             Temple (0/1) D:6

Altars:
Ashenzari
Dithmenos
Qazlal
Vehumet
Xom
The Shining One

Shops:
D:5 ?


Message History

HP restored.
You climb downwards.
The ice beast hits you. The ice beast freezes you!
There is a stone staircase leading up, spattered with blood here.
The ice beast hits you. The ice beast freezes you! The phantom hits you.
You climb upwards.
There is a stone staircase leading down, spattered with blood here.
Things that are here:
a +0 robe; a +0 dagger The phantom blinks!
Casting: Magic Dart (safe; 1% risk of failure)
Confirm with . or Enter, or press ? or * to list all spells.
Aiming: Searing Ray (safe; 1% risk of failure)
Press: ? - help, Shift-Dir - straight line The searing ray hits the ice beast.
The ice beast is lightly wounded. (Press . to maintain the ray.)
The ice beast hits you.
* * * LOW HITPOINT WARNING * * *
The ice beast freezes you!
You die...

.....##.##.##.####...###### ###.#
..##.##.##.##.............###...#
..##.##...................[......
..##.##.##.##.............###....
...........##.##..[....#####.....
.....##.......##§#[>.#.# #^....
#######.########.#...#.# #.....
#.# #Y#...#.# ###..... #.#
#@#.#.#.# #...##..
#.########..###.=# #..###.#
#........###.#..## #..###..
#######..#####.# ##....###.....##
..<......#####.# #.#....)...#.#(
########.##....#####...####....##
#.##.#....∩....## #.###..
#.......######.# #.#...#
####.#### #...# #.###.)


You could see an ice beast.

Vanquished Creatures
  Sigmund (D:4)
  An ice beast (D:6)
  A phantom (D:5)
  3 ogres
  2 bullfrogs (D:6)
  A water moccasin skeleton (D:4)
  A howler monkey (D:5)
  2 crimson imps
  A jelly (D:6)
  An orc priest (D:5)
  6 orc wizards
  A bullfrog skeleton (D:5)
  Natasha (thrice) (D:3)
  An iguana (D:4)
  7 worker ants
  A hound skeleton (D:4)
  A worker ant zombie (D:6)
  6 adders
  A shadow imp (D:6)
  An adder skeleton (D:4)
  4 worms
  4 dart slugs
  6 leopard geckos
  25 orcs
  5 giant cockroaches
  9 goblins
  5 hobgoblins
  3 jackals (D:5)
  A quokka (D:5)
  7 bats
  4 frilled lizards
  4 kobolds
  6 rats
125 creatures vanquished.

Notes
Turn   | Place    | Note
-------+----------+-------------------------------------------
     0 | D:1      | Kobolds4U the Deep Elf Conjurer began the quest for the
                  | Orb.
     0 | D:1      | Reached XP level 1. HP: 10/10 MP: 6/6
   291 | D:1      | Reached XP level 2. HP: 15/15 MP: 6/9
   295 | D:1      | Learned a level 2 spell: Searing Ray
  1085 | D:2      | Reached skill level 3 in Stealth
  1085 | D:2      | Reached XP level 3. HP: 16/19 MP: 3/11
  1415 | D:2      | Reached skill level 5 in Spellcasting
  1415 | D:2      | Reached XP level 4. HP: 21/24 MP: 5/13
  1418 | D:2      | Reached skill level 4 in Stealth
  1707 | D:2      | Found a shadowy altar of Dithmenos.
  1727 | D:2      | Reached skill level 5 in Stealth
  1826 | D:2      | Became a worshipper of Dithmenos the Shadowed
  2616 | D:3      | Reached XP level 5. HP: 22/28 MP: 8/14
  3102 | D:3      | Noticed Natasha
  3129 | D:3      | Killed Natasha
  3129 | D:3      | Reached skill level 1 in Fighting
  3414 | D:3      | Reached * piety under Dithmenos
  3659 | D:3      | Noticed Natasha
  3670 | D:3      | Killed Natasha
  3929 | D:3      | Noticed Natasha
  3932 | D:3      | Killed Natasha
  3932 | D:3      | Reached XP level 6. HP: 35/35 MP: 11/15
  4025 | D:4      | Noticed Sigmund
  4041 | D:4      | Killed Sigmund
  4041 | D:4      | Reached skill level 6 in Stealth
  4041 | D:4      | Reached skill level 5 in Conjurations
  4266 | D:4      | Found a glowing golden altar of the Shining One.
  4266 | D:4      | Found a shimmering altar of Xom.
  4271 | D:4      | Found a radiant altar of Vehumet.
  4300 | D:4      | Found a shattered altar of Ashenzari.
  4301 | D:4      | Found a stormy altar of Qazlal.
  4550 | D:4      | Reached XP level 7. HP: 38/41 MP: 7/16
  4674 | D:4      | Found a glowing golden altar of the Shining One.
  4959 | D:4      | Got a polished dagger
  4960 | D:4      | Identified the +7 dagger of the Well-Known Planets {drain,
                  | Str+4 SInv Stlth-} (You found it on level 4 of the Dungeon)
  5171 | D:5      | Entered Level 5 of the Dungeon
  5187 | D:5      | Found Giaplon's Magic Scroll Boutique.
  5192 | D:5      | Bought a scroll of identify for 24 gold pieces
  5192 | D:5      | Bought a scroll of identify for 24 gold pieces
  5192 | D:5      | Bought a scroll of identify for 24 gold pieces
  5192 | D:5      | Bought a scroll of remove curse for 36 gold pieces
  5192 | D:5      | Bought a scroll of magic mapping for 42 gold pieces
  5457 | D:5      | Reached skill level 7 in Stealth
  6389 | D:5      | Learned a level 4 spell: Iskenderun's Mystic Blast
  6393 | D:5      | Learned a level 3 spell: Dazzling Spray
  6398 | D:5      | Learned a level 4 spell: Force Lance
  6459 | D:5      | Reached XP level 8. HP: 46/46 MP: 9/17
  7104 | D:6      | Reached skill level 8 in Stealth
  7199 | D:6      | Reached ** piety under Dithmenos
  7242 | D:6      | Found a staircase to the Ecumenical Temple.
  7258 | D:6      | Reached skill level 5 in Invocations
  7900 | D:5      | HP: 1/46 [something/puff of flame (8)]
  8208 | D:6      | Reached skill level 9 in Stealth
  8406 | D:5      | Slain by an ice beast

Levels and vault maps discovered:
D:1:      dpeg_arrival_three_same_balls, layout_basic,
          chequers_serial_rivers_marsh, chequers_serial_rivers_room_a
D:2:      layout_loops_ring, nicolae_dithmenos_shadow_blocks
D:3:      layout_basic, chequers_serial_rivers_large_a, uniq_natasha
D:4:      kennysheep_big_flooded_room, layout_basic,
          chequers_temple_overflow_minitemple, tso_altar, uniq_sigmund
D:5:      layout_loops_cross, serial_shops, shop, first_ration,
          minmay_starry_boxes
D:6:      layout_cave_pools, minmay_temple_entry_stoned_glass, enter_ossuary_4

Skill      XL: |  1  2  3  4  5  6  7  8 |
---------------+-------------------------+-----
Spellcasting   | 4 5 |  5.0
Stealth        | 3 5 6 7 9 |  9.0
Fighting       | 1 3 |  3.1
Conjurations   | 5 6 |  6.3
Invocations    | 3 6 |  6.1
Dodging        | |  2.4

Action                   |  1- 3 |  4- 6 |  7- 9 || total
-------------------------+-------+-------+-------++-------
Melee: Dagger            |       |    12 |    24 ||    36
       Short sword       |       |    30 |     1 ||    31
       Rapier            |       |       |     7 ||     7
 Cast: Magic Dart        |    48 |    75 |    85 ||   208
       Searing Ray       |     2 |    15 |    21 ||    38
       Iskenderun's Myst |       |       |     3 ||     3
  Use: Scroll            |       |       |    13 ||    13
       Potion            |       |       |     2 ||     2
 Stab: Sleeping          |       |     7 |     5 ||    12
  Eat: Chunk             |     1 |    10 |    12 ||    23
Armor: Leather armour    |     1 |    26 |    21 ||    48
       Skin              |       |       |     4 ||     4
Dodge: Dodged            |     1 |    44 |    55 ||   100
Block: Shield            |       |    17 |    10 ||    27
